 Dungeon Crawl Stone Soup version 0.19-a0 (webtiles) character file.

2087 Loki the Grappler (level 9, -13/89 HPs)
             Began as a Troll Monk on Apr 27, 2016.
             Was a Believer of Cheibriados.
             Mangled by an orc warrior
             ... wielding a +0 halberd
              (18 damage)
             ... on level 7 of the Dungeon.
             The game lasted 00:12:24 (4152 turns).

Loki the Grappler (Troll Monk)                      Turns: 4152, Time: 00:12:25

Health: -13/89     AC:  7    Str: 30    XL:     9   Next: 6%
Magic:  9/9        EV: 11    Int: 13    God:    Cheibriados [**....]
Gold:   352        SH:  0    Dex: 16    Spells: 1 memorised, 7 levels left

rFire  . . .     SeeInvis .       - Unarmed
rCold  . . .     Gourm    +     a - +0 robe
rNeg   . . .     Faith    .     (no shield)
rPois  .         Spirit   .     y - +2 hat
rElec  .         Dismiss  .     (no cloak)
rCorr  .         Reflect  .     (gloves unavailable)
SustAt .         Harm     .     (boots unavailable)
MR     .....                    (no amulet)
Stlth  ++........               (no ring)
                                o - +1 ring of slaying

@: mighty, very slow, not resistant to hostile enchantments, unstealthy
A: unfitting armour, claws 3, fast metabolism 3, gourmand, regeneration 2,
shaggy fur 1, tough skin 2
a: Bend Time, Renounce Religion


You were on level 7 of the Dungeon.
You worshipped Cheibriados.
Cheibriados was pleased with you.
You were completely stuffed.

You visited 2 branches of the dungeon, and saw 8 of its levels.

You collected 352 gold pieces.

Inventory:

Armour
 a - a +0 robe (worn)
 y - a +2 hat (worn)
Jewellery
 o - a +1 ring of slaying (left claw)
 r - an uncursed ring of ice
Wands
 l - a wand of random effects (7/48)
 t - a wand of enslavement (15/24)
Scrolls
 e - 5 scrolls of random uselessness {unknown}
 f - a scroll of enchant weapon
 i - a scroll of blinking
 j - 4 scrolls of remove curse
 m - a scroll of amnesia
 n - 3 scrolls of immolation {unknown}
 w - a scroll of fog
 x - a scroll of magic mapping {unknown}
 C - a scroll of vulnerability {unknown}
Potions
 c - 3 potions of curing
 d - a potion of degeneration
 h - 3 potions of ambrosia
 v - a potion of heal wounds
 z - a potion of haste {unknown}
 A - a potion of mutation {unknown}
 B - a potion of invisibility {unknown}
 D - a potion of magic {unknown}
Books
 g - a book of Cantrips

   Spells                             Type                      Level
   a - Corona                         Hexes                        1
   b - Animate Skeleton               Necromancy                   1
   c - Summon Small Mammal            Summoning                    1
   d - Apportation                    Translocation                1
Comestibles
 b - 5 bread rations
 p - a beef jerky
 q - a meat ration
 u - a slice of pizza


   Skills:
 + Level 6.0 Fighting
 - Level 2.4 Dodging
 - Level 1.1 Stealth
 * Level 10.0 Unarmed Combat
 + Level 2.6 Evocations


You had 7 spell levels left.
You knew the following spells:

 Your Spells              Type           Power        Failure   Level  Hunger
a - Apportation           Tloc           #.........   30%         1    ##.....


Dungeon Overview and Level Annotations

Branches:
Dungeon (7/15)             Temple (1/1) D:7

Altars:
Ashenzari
Cheibriados
Dithmenos
Fedhas
Gozag
Kikubaaqudgha
Makhleb
Nemelex Xobeh
Pakellas
Ru
Sif Muna
Trog
Vehumet
Zin
The Shining One

Shops:
D:6 %


Innate Abilities, Weirdness & Mutations

You are too large for most types of armour.
You have claws for hands.
Your metabolism is lightning-fast.
You like to eat raw meat.
You heal very quickly.
You are covered in fur (AC +1).
You have very tough skin (AC +2).


Message History

Cheibriados appreciates the change of pace.
Your Fighting skill increases to level 6!
Your Unarmed Combat skill increases to level 10!
The orc warrior closely misses you.
Unknown command.
The orc warrior hits you with a halberd!
* * * LOW HITPOINT WARNING * * *
Things that are here:
a giant club; an ogre corpse You mangle the orc warrior!!
The orc warrior is almost dead.
The orc warrior hits you with a halberd!!
* * * LOW HITPOINT WARNING * * *
You closely miss the orc warrior.
The orc warrior is almost dead.
Unknown command.
You barely miss the orc warrior.
The orc warrior is almost dead.
The orc warrior hits you with a halberd!!
You die...

..................# ##≈≈≈.§§≈##
###.#.....#.......##≈####§####≈#
...................≈§§§≈.§≈≈≈≈#
###########.......######..######
###............## ... #.
#.....######## .....##.# ####.##
...<....########.#
...............#@#
...............#o#
..#...#...#....#o#
..#.⌠.#......o...#
###...###..####### ...........#
.⌠..>..⌠...# ...........#
###...###..#


You could see an orc warrior and an orc.

Vanquished Creatures
  Sigmund (D:5)
  An orc warrior (D:6)
  A sky beast (D:6)
  A black bear (D:7)
  2 centaurs
  5 ogres
  2 giant frogs (D:6)
  A howler monkey (D:4)
  A crimson imp (D:6)
  5 hounds
  A giant frog skeleton (D:5)
  3 orc priests
  2 jellies
  6 orc wizards
  Ijyb (D:3)
  4 iguanas
  4 worker ants
  8 adders
  A shadow imp (D:6)
  An ooze (D:1)
  An adder skeleton (D:4)
  A dart slug (D:3)
  2 giant geckos
  15 orcs
  3 giant cockroaches
  4 goblins
  5 hobgoblins
  2 jackals (D:6)
  3 quokkas
  4 bats
  5 giant newts
  A jackal skeleton (D:6)
  6 kobolds
  2 rats
105 creatures vanquished.

Notes
Turn   | Place    | Note
--------------------------------------------------------------
     0 | D:1      | Loki the Troll Monk began the quest for the Orb.
     0 | D:1      | Reached XP level 1. HP: 22/22 MP: 0/0
   185 | D:1      | Reached XP level 2. HP: 29/29 MP: 1/1
   439 | D:2      | Found a burning altar of Makhleb.
   881 | D:2      | Found a deep blue altar of Sif Muna.
   882 | D:2      | Found a sacrificial altar of Ru.
   882 | D:2      | Found a glowing silver altar of Zin.
   883 | D:2      | Found a blossoming altar of Fedhas.
   884 | D:2      | Found a shadowy altar of Dithmenos.
  1147 | D:2      | Reached XP level 3. HP: 36/36 MP: 2/2
  1246 | D:3      | Noticed Ijyb
  1258 | D:3      | Killed Ijyb
  1258 | D:3      | Reached skill level 5 in Unarmed Combat
  1284 | D:3      | Reached XP level 4. HP: 40/45 MP: 3/3
  1789 | D:4      | Reached XP level 5. HP: 53/53 MP: 4/4
  1967 | D:4      | Reached skill level 6 in Unarmed Combat
  2191 | D:4      | Reached XP level 6. HP: 58/62 MP: 5/5
  2571 | D:5      | Entered Level 5 of the Dungeon
  2733 | D:5      | Reached skill level 7 in Unarmed Combat
  2797 | D:5      | Reached XP level 7. HP: 70/70 MP: 6/6
  2885 | D:5      | Learned a level 1 spell: Apportation
  3084 | D:5      | Noticed Sigmund
  3113 | D:5      | Killed Sigmund
  3113 | D:5      | Reached skill level 8 in Unarmed Combat
  3189 | D:6      | Reached skill level 5 in Fighting
  3227 | D:6      | Reached XP level 8. HP: 80/80 MP: 7/7
  3277 | D:6      | Found a radiant altar of Vehumet.
  3438 | D:6      | Reached skill level 1 in Evocations
  3458 | D:6      | Found Vocoituj's Food Emporium.
  3482 | D:6      | Reached skill level 9 in Unarmed Combat
  4033 | D:7      | Reached XP level 9. HP: 80/89 MP: 9/9
  4073 | D:7      | Found a bloodstained altar of Trog.
  4097 | D:7      | Found a staircase to the Ecumenical Temple.
  4106 | Temple   | Entered the Ecumenical Temple
  4114 | Temple   | Became a worshipper of Cheibriados the Contemplative
  4114 | Temple   | Reached * piety under Cheibriados
  4114 | Temple   | Reached ** piety under Cheibriados
  4148 | D:7      | Reached skill level 10 in Unarmed Combat
  4150 | D:7      | HP: 4/89 [orc warrior/halberd (21)]
  4152 | D:7      | Mangled by an orc warrior

Vault maps used:
D:1:      dpeg_arrival_windows_large_door
D:2:      grunt_temple_overflow_open
D:3:      uniq_iyjb
D:4:      serial_park_tiny_2
D:5:      first_bread, minmay_misc_feat_encased, uniq_sigmund
D:6:      fiery_altar_vehumet, serial_shops, nicolae_shop_window_shopping
D:7:      lightli_temple_of_fire, minmay_temple_entry_junction2
Temple:   circular_temple_12

Skill      XL: |  1  2  3  4  5  6  7  8  9 |
---------------+----------------------------+-----
Fighting       | 3 4 5 6 |  6.0
Unarmed Combat | 5 6 7 8 9 10 | 10.0
Evocations     | 2 |  2.6
Dodging        | |  2.4
Stealth        | |  1.1

Action                   |  1- 3 |  4- 6 |  7- 9 || total
-------------------------+-------+-------+-------++-------
Melee: Unarmed           |    67 |   105 |   143 ||   315
       Punch             |       |     5 |     6 ||    11
Evoke: Wand              |       |       |    10 ||    10
  Use: Scroll            |       |     6 |     3 ||     9
       Potion            |       |       |     1 ||     1
 Stab: Sleeping          |     1 |       |       ||     1
       Paralysed         |       |       |     3 ||     3
  Eat: Chunk             |    10 |    21 |    12 ||    43
Armor: Robe              |    21 |    34 |    37 ||    92
Dodge: Dodged            |    41 |    37 |    68 ||   146
